Map: Altitude LE

Players

ripper - Winner!

  • Race: Terran Terran
  • League: Silver
  • Spawn Location: 1:00

Rush

  • Race: Terran Terran
  • League: Silver
  • Spawn Location: 7:00

VOD

Have the link to the VOD?

Description

Engineering bay before barracks? Hi-sec auto tracking? Turrets???

Time

  • Played on: Aug. 4, 2023, 5:23 p.m.
  • Length: 34:48
Show
View Real Time Build Order
Export as new Build Order

ripper Terran - Winner!

Build Orders:  

Get SALT Encoding   

  12  0:02  SCV  
  13  0:14  SCV  
  14  0:31  Supply Depot  
  14  0:32  Engineering Bay  
  14  0:41  SCV  
  15  0:53  SCV  
  16  0:59  Barracks  
  16  1:03  Refinery  
  16  1:08  Refinery  
  16  1:10  SCV  
  17  1:22  SCV  
  18  1:34  SCV  
  19  1:50  Marine  
  20  2:02  Supply Depot  
  20  2:03  SCV  
  20  2:07  Marine  
  22  2:25  Marine  
  22  2:27  Command Center  
  23  2:42  SCV  
  23  2:43  Marine  
  25  2:56  Planetary Fortress  
  25  3:01  Marine, Factory  
  26  3:44  Neosteel Armor  
  26  3:46  Barracks Tech Lab  
  26  3:56  Factory Tech Lab  
  26  4:05  Orbital Command  
  26  4:07  Starport  
  26  4:10  Refinery  
  26  4:14  Siege Tank  
  29  4:25  SCV  
  25  4:46  Siege Tank  
  28  5:06  Starport Tech Lab  
  28  5:15  Armory  
  28  5:22  Bunker  
  28  5:23  Concussive Shells  
  28  5:26  Marauder  
  30  5:47  Marine  
  28  6:05  Marine, Combat Shield  
  28  6:06  Missile Turret, Banshee  
  28  6:09  Cloaking Field  
  32  6:19  Siege Tank  
  32  6:22  Marine  
  32  6:23  Hi-Sec Auto Tracking  
  36  6:43  SCV  
  37  6:55  SCV  
  38  7:07  Hyperflight Rotors, SCV  
  38  7:10  Bunker  
  34  7:17  Viking  
  34  7:19  SCV  
  31  7:29  Marauder  
  33  7:31  SCV  
  33  7:34  Siege Tank  
  37  7:47  Viking  
  37  7:50  Marine  
  40  8:08  Marine  
  39  8:25  Marine  
  40  8:43  Marine  
  41  9:36  Fusion Core  
  41  10:31  Terran Infantry Weapons Level 1  
  41  10:34  Terran Ship Weapons Level 1  
  41  10:36  Supply Depot  
  41  10:40  Weapon Refit  
  41  10:47  Supply Depot  
  41  10:50  SCV  
  42  10:57  Battlecruiser  
  42  11:02  SCV  
  49  11:35  Ghost Academy  
  49  11:37  Siege Tank  
  52  11:56  Starport  
  52  12:09  Siege Tank  
  55  12:25  Terran Infantry Armor Level 1  
  55  12:28  Terran Vehicle Weapons Level 1  
  55  12:47  Starport Tech Lab  
  55  12:54  Personal Cloaking, Missile Turret  
  55  13:02  Missile Turret  
  55  13:08  Missile Turret  
  55  13:13  Command Center  
  55  13:28  Bunker  
  55  13:43  Marauder  
  57  13:57  Missile Turret  
  57  14:04  Marine  
  58  14:12  Missile Turret  
  58  14:18  Missile Turret  
  58  14:20  Nuke  
  58  14:22  Marine, Missile Turret  
  58  14:23  Terran Vehicle And Ship Armor Level 1  
  59  14:24  Battlecruiser x2  
  71  14:39  Marine  
  72  14:57  Marine  
  73  15:37  Refinery  
  73  15:39  Planetary Fortress  
  73  15:45  Refinery  
  73  15:50  Missile Turret  
  73  16:08  Terran Infantry Weapons Level 2  
  73  16:16  Terran Ship Weapons Level 2  
  73  16:19  Supply Depot  
  73  16:21  Ghost  
  75  16:49  Ghost  
  77  17:05  Battlecruiser  
  83  17:28  Supply Depot  
  83  17:32  Ghost Academy  
  83  17:49  Battlecruiser, Siege Tank  
  92  17:55  SCV  
  92  17:58  Missile Turret  
  93  18:02  Supply Depot  
  93  18:03  Nuke  
  93  18:12  Ghost Academy  
  93  18:24  Battlecruiser, Command Center, Terran Infantry Armor Level 2, SCV  
  100  18:32  Terran Vehicle Weapons Level 2  
  100  18:38  Supply Depot  
  100  18:52  Bunker  
  100  18:53  Nuke  
  100  18:58  Missile Turret  
  99  19:52  Marauder  
  101  20:13  Marine  
  102  20:31  Marine  
  103  20:49  Marine  
  104  21:07  Marine  
  105  21:20  Nuke  
  105  21:28  Missile Turret  
  105  21:35  Missile Turret  
  105  21:41  Missile Turret  
  104  22:31  Battlecruiser  
  108  22:39  Supply Depot  
  108  22:43  Supply Depot  
  108  22:58  Missile Turret  
  108  23:01  Battlecruiser  
  114  23:35  Battlecruiser  
  114  24:05  Battlecruiser  
  114  24:07  Supply Depot  
  120  24:24  Missile Turret  
  120  24:49  Missile Turret  
  114  25:04  Battlecruiser  
  120  25:26  Missile Turret  
  73  25:53  Terran Ship Weapons Level 3  
  67  25:59  Battlecruiser  
  73  26:11  Missile Turret  
  72  26:44  Nuke  
  72  26:50  Missile Turret  
  72  27:20  Nuke  
  72  27:22  Nuke  
  70  27:31  Battlecruiser  
  70  27:33  Battlecruiser  
  81  27:48  Missile Turret  
  81  27:59  Missile Turret  
  81  28:05  Command Center  
  81  28:10  Command Center  
  81  28:16  Ghost  
  83  28:37  Battlecruiser  
  86  28:45  Ghost  
  88  28:53  Siege Tank  
  91  29:15  Missile Turret  
  91  29:22  Refinery, Orbital Command  
  91  29:25  Siege Tank  
  94  29:33  Refinery  
  94  29:37  Planetary Fortress  
  94  29:38  Refinery  
  94  30:14  Missile Turret  
  94  30:42  Missile Turret  
  94  30:48  Missile Turret  
  94  30:53  Missile Turret  
  94  31:01  Missile Turret  
  94  31:06  Bunker  
  94  31:23  Refinery  
  94  31:30  Battlecruiser  
  94  31:31  Battlecruiser  
  106  31:37  Missile Turret  
  106  31:41  Missile Turret  
  106  31:49  Marauder  
  108  32:02  Missile Turret  
  108  32:10  Marine  
  109  32:21  Missile Turret  
  109  32:28  Marine  
  110  32:35  Missile Turret  
  110  32:46  Marine, Missile Turret  
  111  33:04  Marine  
  112  33:07  Missile Turret  
  112  33:20  Missile Turret  
  112  33:24  Missile Turret  
  112  33:39  Nuke, Missile Turret  
  110  34:02  Missile Turret  
  110  34:14  Missile Turret  
Show
View Real Time Build Order
Export as new Build Order

Rush Terran 

Build Orders:  

Get SALT Encoding   

  12  0:02  SCV  
  13  0:14  SCV  
  14  0:26  SCV  
  15  0:39  Engineering Bay  
  15  1:00  Supply Depot x2, Refinery  
  15  1:22  SCV  
  16  1:26  Barracks  
  16  1:34  SCV  
  17  1:40  Refinery  
  17  1:46  SCV  
  18  1:49  Missile Turret  
  18  1:58  SCV  
  19  2:10  Hi-Sec Auto Tracking, SCV  
  20  2:18  Bunker  
  20  2:19  Marine  
  20  2:22  SCV  
  22  2:30  Factory  
  22  3:02  Barracks Reactor  
  22  3:08  Bunker  
  21  3:37  Factory Tech Lab  
  21  3:42  Orbital Command  
  21  3:44  Command Center  
  21  3:53  Marine  
  21  3:54  Marine  
  23  3:56  Siege Tank  
  26  4:11  Armory  
  26  4:20  Marine  
  26  4:22  Marine  
  28  4:28  Bunker  
  28  4:45  Missile Turret  
  28  4:55  Widow Mine  
  28  4:57  Marine x2  
  28  5:06  Planetary Fortress  
  28  5:33  Starport  
  27  5:45  SCV  
  27  5:47  Marine x2  
  27  5:49  Thor  
  36  5:58  SCV  
  36  6:14  Liberator  
  36  6:15  SCV  
  39  6:28  SCV  
  29  7:31  Refinery  
  29  7:35  Missile Turret  
  20  8:23  SCV  
  21  8:28  Starport Tech Lab  
  21  8:35  SCV  
  21  8:37  Missile Turret  
  21  8:41  Command Center  
  22  8:48  SCV  
  22  8:49  Marine x2  
  22  8:52  Cyclone  
  27  8:56  Raven  
  27  9:00  SCV  
  30  9:03  Missile Turret  
  30  9:12  SCV  
  19  10:22  SCV  
  20  10:36  Command Center  
  20  10:47  Missile Turret, SCV  
  21  10:59  SCV  
  22  11:20  Missile Turret  
  22  11:27  SCV  
  23  11:39  SCV  
  24  11:52  SCV  
  26  12:02  Starport Reactor, Factory Tech Lab  
  26  12:05  Barracks Reactor  
  25  12:12  Barracks, SCV  
  25  12:13  Barracks  
  26  12:17  Orbital Command  
  26  12:24  SCV  
  27  12:39  Viking x2  
  27  12:40  Thor  
  27  12:43  Marine x2  
  39  12:55  SCV  
  40  13:00  Marine  
  41  13:07  Barracks Reactor, SCV  
  41  13:11  Factory  
  42  13:15  Viking  
  44  13:26  Planetary Fortress  
  44  13:27  Barracks Reactor  
  44  13:41  Marine x2  
  45  13:44  Marine  
  45  13:45  Marine  
  48  13:50  Viking, Medivac  
  52  13:56  Refinery  
  52  13:59  Marine  
  53  14:06  Supply Depot  
  53  14:07  Supply Depot  
  53  14:12  Factory Tech Lab  
  53  14:28  Siege Tank, SCV  
  53  14:31  Viking x2  
  61  14:50  Missile Turret  
  58  14:52  Missile Turret  
  58  14:56  Armory  
  58  14:58  Marine x2  
  58  14:59  Marine  
  58  15:03  Viking  
  57  15:09  Command Center  
  57  15:11  SCV  
  54  15:24  Missile Turret  
  54  15:27  Missile Turret  
  53  15:41  SCV  
  54  15:53  SCV  
  55  16:08  Marine x4  
  59  16:23  Thor  
  65  16:29  SCV  
  66  16:33  Factory, SCV  
  67  16:45  SCV  
  68  16:55  Supply Depot  
  68  17:16  Viking  
  68  17:17  Marine x2  
  72  17:30  Factory Tech Lab  
  72  17:34  Orbital Command  
  72  17:56  Terran Vehicle And Ship Armor Level 1  
  72  18:10  Refinery  
  72  18:25  Supply Depot  
  72  18:29  Supply Depot  
  72  18:40  SCV  
  72  18:41  SCV x2  
  74  18:46  Thor  
  81  18:50  Thor  
  81  18:52  SCV  
  81  18:53  SCV  
  89  19:33  Supply Depot  
  89  19:37  Supply Depot  
  89  19:47  Missile Turret  
  89  19:55  Viking x2  
  89  19:56  Supply Depot  
  89  19:58  Marine x2  
  95  20:27  Thor  
  101  20:49  Marine x2  
  103  20:53  Thor  
  103  20:56  Barracks Tech Lab  
  109  21:10  Command Center  
  105  22:01  Missile Turret  
  105  22:16  Missile Turret  
  105  22:21  Thor  
  111  22:39  Barracks Tech Lab  
  111  22:52  Starport  
  111  22:55  SCV  
  112  22:59  Marine  
  112  23:00  Marine x3  
  112  23:01  Marauder  
  118  23:07  SCV  
  119  23:17  Marine  
  119  23:18  Marine  
  119  23:19  SCV  
  123  23:32  SCV  
  122  23:44  SCV  
  123  23:56  SCV  
  123  24:02  Supply Depot  
  124  24:04  Supply Depot  
  124  24:06  Refinery  
  124  24:26  SCV x2  
  126  25:06  Thor  
  132  25:15  Supply Depot  
  132  25:17  Supply Depot  
  132  25:18  Orbital Command  
  132  25:20  Marine  
  132  25:24  Marine x3  
  132  25:27  Thor  
  120  25:38  Marine  
  120  25:42  Marine x3  
  111  26:25  Marine x2  
  111  26:28  SCV  
  112  26:40  SCV  
  109  27:26  Thor  
  115  27:36  Orbital Command  
  101  27:54  Marine x2  
  101  27:55  Marine  
  51  29:00  SCV  
  52  29:03  Refinery  
  52  29:07  SCV  
  53  29:12  Refinery, SCV  
  54  29:23  Starport Reactor  
  54  29:24  SCV  
  55  29:34  Thor  
  55  29:36  SCV  
  62  29:48  SCV  
  63  29:54  Refinery  
  63  30:04  SCV  
  64  30:31  Viking x2  
  64  30:32  Viking x2  
  64  30:33  Thor  
  64  30:34  Marine x2  
  80  30:44  Refinery  
  80  31:01  Marine x3  
  80  31:02  Marine  
  84  31:06  Viking x2  
  84  31:07  Thor  
  94  31:24  SCV  
  95  31:36  SCV  
  96  32:41  Marine x2  
  96  32:42  Thor  
  104  32:45  Thor  
  104  32:46  Viking, Thor  
  104  32:47  Viking  
  120  33:25  Thor  
  126  33:52  Marine x2  
Tags
 
Matchup
TvT
Race
Terran
Spawn Locations
Cross Positions
Add a new tag
Caveats
  • Supply blocks, unpowered buildings, or Contaminate may cause inaccurate times.
  • Supply counts are checked every 10 seconds.